 Dungeon Crawl Stone Soup version 0.24-a0-441-g27f0392e16 (webtiles) character file.

Game seed: 12453679257933758419

7426 emperorscorpion the Cleaver (level 10, -16/96 HPs)
             Began as a Deep Dwarf Berserker on June 18, 2019.
             Was an Elder of Trog.
             Demolished by a hell knight
             ... wielding a +5 scimitar
              (24 damage)
             ... on level 15 of the Dungeon on June 19, 2019.
             The game lasted 00:21:39 (2650 turns).

emperorscorpion the Cleaver (Deep Dwarf Berserker)  Turns: 2650, Time: 00:21:40

Health: -16/96     AC: 11    Str: 23    XL:     10   Next: 93%
Magic:  1/1        EV: 11    Int:  9    God:    Trog [****..]
Gold:   195        SH:  0    Dex: 12    Spells: 9/9 levels left

rFire    . . .     SeeInvis .   a - +2 war axe
rCold    . . .     Gourm    +   (no shield)
rNeg     . . .     Faith    .   m - +0 chain mail
rPois    .         Spirit   .   (no helmet)
rElec    .         Reflect  .   (no cloak)
rCorr    .         Harm     .   (no gloves)
MR       +....                  (no boots)
Stlth    ..........             g - amulet of the gourmand
HPRegen  0.00/turn              (no ring)
MPRegen  0.07/turn              (no ring)

@: berserk cooldown, non-regenerating, slowed, very slow
A: damage resistance, heal wounds, sense surroundings 2, no regeneration
a: Heal Wounds, Berserk, Trog's Hand, Brothers in Arms, Renounce Religion


You were on level 15 of the Dungeon.
You worshipped Trog.
Trog was greatly pleased with you.
You were very hungry.

You visited 1 branch of the dungeon, and saw 15 of its levels.

You collected 195 gold pieces.

Inventory:

Hand Weapons
 a - a +2 war axe (weapon)
 b - the +1 shortbow of Poinkud {venom, Str+3}
   (You found it on level 13 of the Dungeon)

   It poisons the ammo it fires.
   It affects your strength (+3).
 i - a +0 shortbow
 j - a +2 whip of draining
 k - a +0 hand axe
Missiles
 f - 53 arrows
 o - 2 throwing nets (quivered)
Armour
 e - a +0 animal skin
 m - a +0 chain mail (worn)
 p - a +1 scale mail of positive energy
Jewellery
 g - an amulet of the gourmand (around neck)
Wands
 s - a wand of disintegration (16)
 t - a wand of polymorph (6)
 w - a wand of acid (7)
Scrolls
 d - a scroll of noise
 h - 6 scrolls of identify
 r - a scroll of teleportation
Potions
 q - 3 potions of haste
 x - a potion of magic {unknown}
Comestibles
 c - 3 rations


   Skills:
 + Level 7.9 Fighting
 + Level 12.0 Axes
 + Level 0.3 Bows
 + Level 8.6 Armour
 + Level 6.1 Dodging
 + Level 1.3 Stealth
 * Level 4.8 Evocations


You had 9 spell levels left.
You didn't know any spells.
Your spell library was empty.

Dungeon Overview and Level Annotations

Branches:
Dungeon (15/15)
 Temple: D:4-7         Lair: D:8-11         Orc: D:9-12      Vaults: D:13-14
 Depths: D:15

Altars:
Cheibriados
Gozag
Okawaru

Annotations:
D:7 Prince Ribbit


Innate Abilities, Weirdness & Mutations

You are resistant to damage.
You can heal yourself by infusing magical energy.
You passively map the area around you.
You do not regenerate.


Message History

You miss something.
The ogre mage gestures at you while chanting.
You easily resist.
Something hits you!!
* * * LOW HITPOINT WARNING * * *
The hell knight misses you.
You slash the hell knight!
The hell knight is almost dead.
You slash something!
You are no longer berserk.
You are exhausted.
You feel yourself slow down.
Unknown command.
You barely miss the hell knight.
The hell knight is almost dead.
You closely miss something.
The hell knight hits you with a +5 scimitar!!
* * * LOW HITPOINT WARNING * * *
Something hits you but does no damage.
The hell knight hits you with a +5 scimitar!!
You die...

, , * **, ** * ** ,
.#,, ,, # , , * , ,
##.## * .# * , ,,
*#.. .#.. . , *, *
#....# ... .# * *,
, #....#. ..,#. , ,
. * #....#..#.#c* *
## #....#...p.# *,
, ≈### #....#####@#
* * ≈≈≈#
#..........# ,,,,
≈≈≈ * #.........O##
* * #≈
#..............*, *
,* ####
*#..........###..,,
...# #..........# *
,, ##.#
#.<........# * ,,,
, #.####..........#
, #...............#
,


You could see a hell knight, an ogre mage and a yaktaur.

Vanquished Creatures
  Harold (D:7)
  A centaur warrior (D:13)
  A two-headed ogre (D:11)
  A tengu warrior (D:15)
  A deep elf archer (D:13)
  A deep elf mage (D:7)
  A troll (D:6)
  A meliai zombie (D:13)
  2 hippogriffs
  A water elemental (D:15)
  A vampire (D:13)
  Grum (D:10)
  2 hungry ghosts
  An acid dragon (D:11)
  An orc warrior (D:6)
  4 ogres
  3 wolves (D:10)
  3 centaurs
  3 bullfrogs
  2 scorpions
  9 killer bees
  A wight (D:7)
  4 howler monkeys
  A crimson imp (D:6)
  A jelly (D:7)
  A quasit (D:5)
  A bullfrog zombie (D:10)
  2 orc priests
  A hound (D:6)
  2 orc wizards
  A bullfrog skeleton (D:6)
  Natasha (twice) (D:4)
  2 worker ants
  A hound zombie (D:6)
  A howler monkey zombie (D:5)
  A worker ant zombie (D:5)
  A howler monkey skeleton (D:6)
  6 adders
  A shadow imp (D:5)
  A worm (D:5)
  A dart slug (D:1)
  4 leopard geckos
  23 orcs
  3 giant cockroaches
  2 goblins (D:1)
  3 hobgoblins (D:1)
  10 jackals
  3 quokkas
  A ball python (D:6)
  3 bats
  4 frilled lizards (D:1)
  3 kobolds
  A quokka skeleton (D:5)
  2 rats (D:1)
135 creatures vanquished.

Vanquished Creatures (others)
  A plant (D:15)
1 creature vanquished.

Grand Total: 136 creatures vanquished

Notes
Turn   | Place    | Note
-------+----------+-------------------------------------------
     0 | D:1      | emperorscorpion the Deep Dwarf Berserker began the quest
                  | for the Orb.
     0 | D:1      | Reached XP level 1. HP: 20/20 MP: 1/1
   109 | D:1      | Reached XP level 2. HP: 22/27 MP: 2/2
   794 | D:2      | Reached skill level 4 in Axes
   794 | D:2      | Reached XP level 3. HP: 16/34 MP: 3/3
   804 | D:2      | Upgraded the game from 0.24-a0-439-g6dd8730de2 to
                  | 0.24-a0-441-g27f0392e16
   814 | D:3      | Reached ** piety under Trog
   820 | D:3      | Found a faded altar of an unknown god.
   862 | D:4      | HP: 1/34 [worker ant (4)]
   864 | D:4      | Noticed Natasha
   873 | D:4      | Reached XP level 4. HP: 29/42 MP: 4/4
   876 | D:4      | Killed Natasha
   886 | D:4      | Noticed Natasha
   898 | D:4      | Killed Natasha
   915 | D:5      | Entered Level 5 of the Dungeon
   932 | D:5      | Reached XP level 5. HP: 46/50 MP: 4/4
   939 | D:5      | Reached skill level 5 in Axes
  1063 | D:5      | Noticed an ogre
  1071 | D:5      | Killed an ogre
  1071 | D:5      | Reached skill level 1 in Stealth
  1078 | D:5      | Noticed a centaur
  1081 | D:5      | Reached XP level 6. HP: 42/57 MP: 5/5
  1094 | D:5      | Reached skill level 6 in Axes
  1166 | D:5      | Reached XP level 7. HP: 16/66 MP: 6/6
  1182 | D:5      | Reached skill level 7 in Axes
  1288 | D:6      | Reached *** piety under Trog
  1367 | D:6      | Found an iron altar of Okawaru.
  1370 | D:6      | Found an opulent altar of Gozag.
  1371 | D:6      | Found a snail-covered altar of Cheibriados.
  1398 | D:7      | Noticed Harold
  1440 | D:6      | Reached skill level 5 in Fighting
  1444 | D:6      | Reached skill level 8 in Axes
  1447 | D:6      | Reached XP level 8. HP: 31/74 MP: 6/6
  1492 | D:7      | Killed Harold
  1492 | D:7      | Reached skill level 9 in Axes
  1492 | D:7      | Reached skill level 5 in Dodging
  1724 | D:6      | Gained mutation: You passively map the area around you.
                  | [Deep Dwarf growth]
  1724 | D:6      | Reached XP level 9. HP: 25/82 MP: 7/7
  1734 | D:6      | Noticed a troll
  1741 | D:6      | Killed a troll
  1741 | D:6      | Reached skill level 5 in Armour
  1906 | D:7      | Noticed Prince Ribbit
  1977 | D:7      | Reached skill level 10 in Axes
  2049 | D:7      | Noticed a deep elf mage
  2058 | D:7      | Reached **** piety under Trog
  2068 | D:7      | Killed a deep elf mage
  2188 | D:10     | Entered Level 10 of the Dungeon
  2191 | D:10     | Noticed Grum
  2247 | D:10     | Killed Grum
  2247 | D:10     | Reached skill level 11 in Axes
  2247 | D:10     | Reached XP level 10. HP: 32/94 MP: 3/3
  2298 | D:11     | Noticed a two-headed ogre
  2314 | D:11     | Killed a two-headed ogre
  2406 | D:13     | Noticed a centaur warrior
  2407 | D:13     | Noticed a deep elf archer
  2437 | D:13     | Killed a centaur warrior
  2495 | D:13     | Killed a deep elf archer
  2532 | D:13     | Got a slimy shortbow
  2533 | D:13     | Identified the cursed +1 shortbow of Poinkud {venom, Str+3}
                  | (You found it on level 13 of the Dungeon)
  2564 | D:15     | Entered Level 15 of the Dungeon
  2628 | D:15     | Noticed a hell knight
  2628 | D:15     | Noticed a tengu warrior
  2640 | D:15     | Killed a tengu warrior
  2640 | D:15     | Reached skill level 12 in Axes
  2641 | D:15     | Noticed a deep elf knight
  2646 | D:15     | Noticed an ogre mage
  2650 | D:15     | Demolished by a hell knight

Levels and vault maps discovered:
D:1:      sevenhm_arrival_forest_fort_small_6, layout_basic,
          minmay_misc_feat_diagonals, minmay_misc_feat_pillars
D:2:      kennysheep_six_static_rooms, layout_basic, first_ration,
          hangedman_decor_growths, elyvilon_altar_3
D:3:      layout_loops_corners, chequers_ecumenical_altar_island, uniq_jessica,
          uniq_terence
D:4:      layout_loops_ring, uniq_natasha
D:5:      cheibrodos_two_vegetables, layout_basic,
          minmay_temple_entry_purple_smoke
D:6:      layout_loops_corners, grunt_temple_overflow_open, minmay_bent
D:7:      layout_cave_pods, grunt_ogre_cave, fountainhead, minmay_misc_feat_iff,
          glass_columns_b, minmay_manual_maat, uniq_harold, uniq_prince_ribbit1
D:8:      layout_rooms, eat_drink_and_be_merry_uskayaw,
          nicolae_ru_sacrificial_ziggurat, erik_lair_island, serial_shops, shop,
          minmay_curled_crystal
D:9:      layout_irregular_city, nicolae_qazlal_style_of_elements
D:10:     layout_rooms, serial_shops, shop_coins, serial_rivers,
          chequers_serial_rivers_room_b, chequers_serial_rivers_small_a,
          chequers_serial_rivers_room_a, chequers_serial_rivers_micro_c,
          fedhas_altar_fruit_tree, uniq_grum
D:11:     minmay_the_grid_4x2 [minmay_the_grid_box_x, minmay_the_grid_x,
          minmay_the_grid_minigrid_small_alt, minmay_the_grid_zigzag_pyramid,
          minmay_the_grid_diamond_grid, minmay_the_grid_doors,
          minmay_the_grid_minigrid_medium, minmay_the_grid_prize_inner_circle],
          layout_cross
D:12:     layout_roguey, david_orc_4, serial_shops, nicolae_shop_crystal,
          uniq_frances
D:13:     layout_gridville, lightli_vaults_fourway_checkpoint, minmay_checkerbox
D:14:     layout_long_grid, basic_altar, hangedman_decor_peaks_small,
          serial_bayou_lagoon_a, minivault_12
D:15:     hangedman_depths_entry_civil_slaughter, layout_rooms, serial_aquarium,
          aquarium_bridge_square [aquarium_subvault_wall,
          aquarium_subvault_bridge, aquarium_subvault_window,
          aquarium_subvault_wall], aquarium_bridge_long_separate
          [aquarium_subvault_bridge, aquarium_subvault_window,
          aquarium_subvault_window, aquarium_subvault_bridge,
          aquarium_subvault_window, aquarium_subvault_window],
          aquarium_window_2, aquarium_window_1, aquarium_view_2a,
          aquarium_view_2c, aquarium_pool_2, chequers_big_river,
          gauntlet_entry_generic

Skill      XL: |  1  2  3  4  5  6  7  8  9 10 |
---------------+-------------------------------+-----
Fighting       | 3 4 5 7 |  7.9
Axes           | 4 5 6 8 9 11 12 | 12.0
Dodging        | 3 4 5 6 |  6.1
Stealth        | 1 |  1.3
Armour         | 4 7 8 |  8.6
Evocations     | 4 |  4.8
Bows           | |  0.3

Action                   |  1- 3 |  4- 6 |  7- 9 | 10-12 || total
-------------------------+-------+-------+-------+-------++-------
Melee: Hand axe          |    96 |    87 |   193 |       ||   376
       War axe           |       |       |   159 |   127 ||   286
 Fire: Shortbow          |       |     2 |       |     3 ||     5
Invok: Berserk           |     2 |     4 |     8 |     3 ||    17
 Abil: Heal Wounds       |     2 |     4 |    19 |    13 ||    38
Evoke: Wand              |       |       |       |     2 ||     2
  Use: Scroll            |     1 |     2 |     3 |     6 ||    12
       Potion            |       |     3 |     1 |     2 ||     6
 Stab: Sleeping          |     1 |       |       |       ||     1
  Eat: Chunk             |    15 |       |    18 |     4 ||    37
       Ration            |       |       |     1 |     1 ||     2
Armor: Animal skin       |    17 |    20 |     1 |       ||    38
       Chain mail        |       |       |   210 |   109 ||   319
Dodge: Dodged            |    73 |    76 |   264 |   129 ||   542

Table legend:
 A = Non-vault XP
 B = Vault XP
 C = Vault XP percentage of total XP
 D = Non-vault monster count
 E = Vault monster count
 F = Vault count percentage of total count
                 A         B        C        D         E       F
            +---------+---------+-------+---------+---------+-------
      Total |    4712 |    5897 |  55.6 |     116 |      19 |  14.1
            +---------+---------+-------+---------+---------+-------
        D:1 |      29 |       0 |   0.0 |      18 |       0 |   0.0
        D:2 |      24 |       0 |   0.0 |       6 |       0 |   0.0
        D:3 |       2 |       0 |   0.0 |       1 |       0 |   0.0
        D:4 |     101 |      35 |  25.7 |       7 |       1 |  12.5
        D:5 |     632 |       0 |   0.0 |      22 |       0 |   0.0
        D:6 |    1328 |      74 |   5.3 |      30 |       2 |   6.2
        D:7 |     637 |    2071 |  76.5 |      10 |       6 |  37.5
       D:10 |     238 |     529 |  69.0 |      11 |       4 |  26.7
       D:11 |    1269 |       0 |   0.0 |       9 |       0 |   0.0
       D:13 |     243 |    2315 |  90.5 |       1 |       5 |  83.3
       D:15 |     209 |     873 |  80.7 |       1 |       1 |  50.0
            +---------+---------+-------+---------+---------+-------
